Map: Frost LE

Players

TrumpInNov

  • Race: Protoss Protoss
  • League: Silver

Lonaw - Winner!

  • Race: Zerg Zerg
  • League: Gold

VOD

Have the link to the VOD?

Description

Time

  • Played on: Aug. 10, 2016, 10:04 p.m.
  • Length: 13:35
Show
View Real Time Build Order
Export as new Build Order

TrumpInNov Protoss 

Build Orders:  

Get SALT Encoding   

  12  0:02  Probe (Chrono Boost)  
  13  0:14  Probe (Chrono Boost)  
  13  0:19  Pylon  
  14  0:30  Probe (Chrono Boost)  
  15  0:36  Assimilator  
  15  0:40  Probe (Chrono Boost)  
  16  0:46  Forge  
  16  0:51  Probe (Chrono Boost)  
  17  1:01  Probe (Chrono Boost)  
  18  1:05  Gateway  
  18  1:12  Probe (Chrono Boost)  
  19  1:21  Pylon  
  19  1:23  Probe (Chrono Boost)  
  20  1:36  Photon Cannon  
  20  1:40  Photon Cannon  
  20  1:42  Assimilator  
  20  1:51  Probe (Chrono Boost)  
  21  2:02  Probe (Chrono Boost)  
  21  2:03  Cybernetics Core  
  22  2:12  Probe (Chrono Boost), Zealot  
  25  2:24  Pylon  
  25  2:31  Pylon  
  25  2:44  Stargate  
  25  2:47  Photon Cannon  
  27  2:52  Mothership Core (Chrono Boost)  
  27  2:56  Warp Gate  
  27  3:05  Zealot  
  29  3:20  Gateway  
  29  3:24  Pylon  
  29  3:32  Zealot  
  31  3:40  Void Ray  
  35  3:57  Photon Cannon  
  35  4:18  Nexus  
  35  4:27  Pylon  
  35  4:39  Twilight Council  
  35  4:52  Photon Cannon  
  35  4:55  Pylon  
  35  4:56  Probe (Chrono Boost)  
  36  5:13  Probe (Chrono Boost)  
  37  5:24  Probe (Chrono Boost)  
  37  5:25  Templar Archives  
  37  5:27  Photon Cannon  
  38  5:31  Probe (Chrono Boost)  
  38  5:34  Probe (Chrono Boost)  
  40  5:39  Adept  
  42  5:43  Probe (Chrono Boost)  
  42  5:45  Probe (Chrono Boost)  
  42  5:47  Assimilator  
  42  5:54  Probe (Chrono Boost)  
  41  6:00  Void Ray  
  41  6:03  Probe (Chrono Boost)  
  46  6:18  Assimilator  
  46  6:19  Probe x2 (Chrono Boost)  
  46  6:22  Psionic Storm  
  48  6:26  High Templar  
  48  6:30  Probe (Chrono Boost)  
  51  6:36  Protoss Shields Level 1  
  51  6:45  Dark Shrine  
  51  7:06  Probe x2 (Chrono Boost)  
  53  7:10  Photon Cannon  
  53  7:12  Photon Cannon  
  53  7:16  Probe (Chrono Boost)  
  53  7:18  Fleet Beacon  
  53  7:19  High Templar, Void Ray  
  60  7:35  Probe (Chrono Boost)  
  62  7:37  Probe (Chrono Boost)  
  54  8:02  Dark Templar  
  54  8:04  Dark Templar  
  48  8:30  Carrier  
  48  8:40  Probe (Chrono Boost), Photon Cannon  
  50  8:41  Probe (Chrono Boost), Photon Cannon  
  50  8:45  Pylon  
  50  8:47  Pylon  
  56  8:50  Stargate  
  56  9:14  Graviton Catapult  
  56  9:19  High Templar  
  56  9:21  Nexus, High Templar  
  60  9:36  Carrier  
  64  10:05  Carrier  
  62  10:09  Nexus  
  62  10:12  Photon Cannon  
  62  10:13  Photon Cannon  
  68  10:28  Zealot  
  70  10:36  Probe (Chrono Boost)  
  69  10:46  Probe (Chrono Boost)  
  55  10:57  Probe (Chrono Boost)  
  48  11:07  Probe (Chrono Boost)  
  49  11:18  Probe (Chrono Boost)  
  50  11:24  Carrier  
  50  11:25  Carrier  
  62  11:49  Nexus  
  62  11:58  Mothership Core (Chrono Boost)  
  62  12:00  Probe (Chrono Boost)  
  65  12:06  Assimilator  
  65  12:08  Assimilator  
  65  12:10  Probe (Chrono Boost)  
  66  12:48  Probe (Chrono Boost)  
  73  13:00  Probe (Chrono Boost)  
  64  13:11  High Templar  
  52  13:13  High Templar  
Show
View Real Time Build Order
Export as new Build Order

Lonaw Zerg - Winner!

Build Orders: Hatch First 

Get SALT Encoding   

  12  0:01  Drone  
  13  0:13  Overlord  
  13  0:22  Drone  
  14  0:32  Drone x2  
  16  0:38  Drone  
  17  0:54  Hatchery  
  16  0:58  Extractor  
  16  1:00  Drone  
  16  1:09  Drone x2  
  18  1:21  Drone  
  19  1:32  Drone  
  20  1:38  Spawning Pool  
  19  1:42  Drone  
  20  2:01  Drone  
  21  2:05  Drone  
  21  2:07  Drone  
  23  2:14  Hatchery  
  22  2:18  Drone  
  22  2:19  Drone  
  24  2:23  Overlord  
  24  2:33  Queen  
  26  2:40  Queen  
  28  2:46  Overlord  
  28  2:52  Drone  
  28  2:53  Drone  
  28  2:55  Drone  
  28  2:56  Drone  
  32  2:59  Drone  
  32  3:02  Zergling x2  
  34  3:06  Zergling x2  
  34  3:11  Overlord  
  35  3:16  Metabolic Boost  
  35  3:19  Drone  
  36  3:25  Drone  
  37  3:28  Drone x2  
  39  3:34  Extractor  
  39  3:37  Lair, Extractor  
  37  3:42  Drone x2  
  37  3:43  Drone x2  
  41  3:53  Drone  
  41  3:54  Drone x2  
  41  3:55  Drone x3  
  47  3:58  Drone  
  47  4:00  Drone  
  48  4:07  Drone x2  
  50  4:14  Evolution Chamber  
  50  4:16  Overlord  
  49  4:18  Drone  
  49  4:23  Queen  
  52  4:25  Drone x3  
  52  4:26  Drone  
  56  4:31  Drone  
  56  4:32  Drone  
  56  4:34  Drone  
  59  4:40  Overlord  
  59  4:44  Drone x2  
  61  4:52  Zerg Missile Weapons Level 1  
  61  4:55  Drone  
  61  4:56  Drone x4  
  66  5:00  Overlord, Extractor  
  66  5:02  Overlord, Extractor  
  64  5:10  Zergling x8  
  68  5:15  Drone x2  
  68  5:21  Overlord x2  
  70  5:28  Hydralisk Den  
  69  5:31  Evolution Chamber, Hatchery  
  69  5:33  Drone  
  69  5:34  Drone x2  
  69  5:35  Drone x3  
  73  5:36  Drone x2  
  73  5:40  Zergling x4  
  73  5:42  Overlord  
  77  5:53  Zergling x4  
  77  5:54  Zergling x2  
  80  6:01  Zerg Ground Armor Level 1  
  80  6:03  Hydralisk x6  
  80  6:04  Hydralisk  
  90  6:07  Muscular Augments  
  90  6:10  Infestation Pit, Hydralisk  
  95  6:32  Hydralisk x4  
  95  6:33  Hydralisk x2  
  106  6:53  Hydralisk x3, Hatchery  
  106  6:54  Hydralisk x6  
  101  7:01  Zerg Missile Weapons Level 2  
  114  7:03  Hydralisk x2  
  118  7:10  Drone  
  118  7:14  Overlord x3  
  119  7:17  Pneumatized Carapace  
  119  7:23  Overlord  
  119  7:33  Drone  
  119  7:34  Drone x5  
  119  7:35  Drone x5  
  120  8:04  Hydralisk  
  120  8:05  Hydralisk x5  
  116  8:19  Queen  
  102  8:20  Queen  
  102  8:21  Hydralisk x5  
  102  8:22  Hydralisk x5  
  102  8:23  Hydralisk x3  
  102  8:27  Zergling x12  
  124  8:31  Drone x3  
  124  8:34  Extractor  
  130  8:35  Extractor  
  130  8:38  Hive  
  129  8:41  Drone  
  129  8:42  Drone x4  
  134  8:52  Nydus Network  
  134  8:53  Drone x3  
  134  8:54  Drone x4  
  140  9:16  Hydralisk x3  
  140  9:17  Hydralisk x6  
  158  9:29  Extractor  
  157  9:32  Extractor  
  154  9:43  Hydralisk x4  
  154  9:45  Overlord x4  
  126  10:01  Zergling x2  
  126  10:02  Zergling x12  
  126  10:03  Zergling x14  
  126  10:04  Zergling x10  
  143  10:09  Drone x2  
  145  10:24  Hydralisk x4  
  145  10:25  Hydralisk x5  
  163  10:30  Overseer  
  163  10:31  Overseer x3  
  127  11:04  Hydralisk x4  
  122  11:05  Hydralisk x7  
  122  11:06  Hydralisk x6  
  122  11:07  Hydralisk x6  
  166  11:12  Zerg Ground Armor Level 2  
  166  11:16  Drone x3  
  166  11:17  Drone  
  170  11:23  Hydralisk x4  
  170  11:24  Hydralisk  
  180  11:25  Zergling x2  
  180  11:26  Zergling x4  
  183  11:42  Hatchery  
  182  12:04  Nydus Canal  
  174  12:18  Nydus Canal  
  174  12:26  Hydralisk x4  
  174  12:27  Hydralisk x3  
  188  12:31  Overlord x3  
  188  12:39  Overlord x2  
  188  12:40  Overlord  
  188  12:53  Hydralisk x5  
Tags
 
Add a new tag
Caveats
  • Supply blocks, unpowered buildings, or Contaminate may cause inaccurate times.
  • Supply counts are checked every 10 seconds.